 Dungeon Crawl Stone Soup version 0.31.0-12-g77e489cdc1 (webtiles) character file.

Game seed: 514237626397527736

30 Gadfly the Trooper (level 3, -1/29 HPs)
             Began as a Demonspawn Monk on Feb 13, 2024.
             Slain by a gnoll
             ... wielding a +5 whip
              (7 damage)
             ... on level 2 of the Dungeon.
             The game lasted 00:00:41 (402 turns).

Gadfly the Trooper (Demonspawn Monk)                 Turns: 402, Time: 00:00:41

Health: -1/29      AC:  2    Str: 13    XL:     3   Next: 5%
Magic:  3/3        EV: 13    Int: 10    God:
Gold:   21         SH:  0    Dex: 15    Spells: 2/2 levels left

rFire   . .          .
                       - Unarmed
rCold   . . .        c - orb {light}
rNeg    . . .        a - +0 robe
rPois   .            (no helmet)
rElec   .            (no cloak)
rCorr   .            (no gloves)
SInv    .            (no boots)
Will    .....        (no amulet)
Stlth   +            (no ring)
HPRegen 0.24/turn    (no ring)
MPRegen 0.08/turn

%: no passive effects
@: confused, ambrosia-drunk, glowing
A: claws 1
a: no special abilities


You were on level 2 of the Dungeon.
You visited 1 branch of the dungeon, and saw 2 of its levels.

You collected 21 gold pieces.

Inventory:

Hand Weapons
 e - a +0 long sword
Armour
 a - a +0 robe (worn)
 c - an orb of light (worn)
Scrolls
 d - a scroll of identify {unknown}
 g - a scroll of enchant armour {unknown}
Potions
 f - a potion of lignification {unknown}


   Skills:
 - Level 3.0 Fighting
 + Level 2.9 Dodging
 * Level 3.0 Unarmed Combat
 * Level 1.3 Evocations
 * Level 1.0 Shapeshifting


You had 2 spell levels left.
You didn't know any spells.
Your spell library contained the following spells:

 Spells                   Type           Power      Damage    Failure   Level
 Ensorcelled Hibernation  Hex/Ice        0%         N/A       50%         2
 Passwall                 Erth           0%         N/A       75%         3
 Swiftness                Air            0%         N/A       75%         3


Dungeon Overview and Level Annotations

Branches:
Dungeon (1/15)

Altars:


Innate Abilities, Weirdness & Mutations

You have sharp fingernails.


Message History

The gnoll hits you with a +0 whip.
A gnoll comes into view. It is wielding a +0 club.
You scratch the gnoll.
The gnoll is severely wounded.
The gnoll hits you with a +0 whip.
You scratch the gnoll.
You kill the gnoll!
You have reached level 3!
Your experience leads to an increase in your attributes!
Increase (S)trength, (I)ntelligence, or (D)exterity?
You feel stronger. x2
You barely miss the ball python.
A gnoll comes into view. It is wielding a +5 whip.
The ball python barely misses you. The ball python closely misses you.
You barely miss the ball python.
The gnoll shouts!
The ball python misses you. The ball python grabs you.
The ball python constricts you. The rat barely misses you.
You claw the ball python!
You kill the ball python!
The rat barely misses you.
Your Shapeshifting skill increases to level 1!
The gnoll attacks as it pursues you! The gnoll closely misses you.
The gnoll attacks as it pursues you! The gnoll hits you with a +0 club.
Unknown command.
There is an open door here.
You scratch the gnoll.
The gnoll is lightly wounded.
The gnoll misses you.
You claw the gnoll!
The gnoll is almost dead.
The gnoll hits you with a +5 whip!
* * * LOW HITPOINT WARNING * * *
The rat closely misses you. The gnoll barely misses you.
There is an open door here.
The gnoll attacks as it pursues you! The gnoll hits you with a +5 whip.
* * * LOW HITPOINT WARNING * * *
You are confused.
You feel invigorated. The gnoll hits you with a +5 whip!
You die...

#.####.#.....#####
.. #.#.....# ...
#.#.....# ...
#.#.....#
..###†..#####
####.......#
#...†...##.####
#.......##....#
#......@##....#
#......ggr....#
#.......#...#.#
###########.#
........#
.......g#
.......†).#
..........#
.########.#


You could see 2 gnolls and a rat.

Vanquished Creatures
  A gnoll (D:2)
  A dart slug (D:2)
  4 ball pythons
  3 endoplasms
  2 giant cockroaches (D:2)
  2 hobgoblins (D:1)
  A quokka (D:1)
  3 frilled lizards (D:1)
  A rat (D:2)
18 creatures vanquished.

Notes
Turn   | Place    | Note
-------+----------+-------------------------------------------
     0 | D:1      | Gadfly the Demonspawn Monk began the quest for the Orb.
     0 | D:1      | Reached XP level 1. HP: 18/18 MP: 1/1
   202 | D:1      | Gained mutation: You have sharp fingernails. [demonic
                  | ancestry]
   202 | D:1      | Reached XP level 2. HP: 21/24 MP: 2/2
   266 | D:1      | You fall into a shaft and drop 1 floor!
   345 | D:2      | Reached skill level 1 in Evocations
   389 | D:2      | Reached XP level 3. HP: 16/29 MP: 3/3
   392 | D:2      | Reached skill level 1 in Shapeshifting
   401 | D:2      | HP: 1/29 [gnoll/+5 whip (4)]
   402 | D:2      | Slain by a gnoll

Illustrated notes

Levels and vault maps discovered:
D:1:      giann_horns, layout_loops_corners, corexii_leaking_fountain,
          minmay_pentomino_x4
D:2:      layout_basic

Skill      XL: |  1  2  3 |
---------------+----------+-----
Evocations     | 1 |  1.3
Unarmed Combat | 3 |  3.0
Shapeshifting  | 1 |  1.0
Fighting       | |  3.0
Dodging        | |  2.9

Action                     || total
---------------------------++-------
  Melee: Unarmed           ||    49
    Use: Potion            ||     1
 Armour: Robe              ||    25
  Dodge: Dodged            ||    28
